[Event "Titled Tuesday Blitz June 27 Late 2023"]
[White "Cooklev, Steven"]
[Black "Perez, Maximiliano"]
[WhiteFideId "2050552"]
[BlackFideId "117234"]
[WhiteElo "2387"]
[BlackElo "2536"]
[Result "1/2-1/2"]
[Round "7"]
[TimeControl "180+2"]
[Date "2023.06.27"]
[WhiteClock "0:00:19"]
[BlackClock "0:00:30"]
[Board "86"]

1. e4 c5 2. Nf3 Nc6 3. Nc3 e5 4. Bc4 Be7 5. d3 d6 6. O-O Nf6 7. Ng5 O-O 8. f4 Bg4 9. Qe1 exf4 10. Bxf4 Nd4 11. Qf2 h6 12. Nf3 Nxf3+ 13. gxf3 Bh3 14. Rfe1 Nh5 15. Bg3 Bf6 16. Kh1 Bd4 17. Qd2 Qf6 18. f4 Qg6 19. Rg1 Bxg1 20. Rxg1 Nxg3+ 21. Rxg3 Qh5 22. Nd5 Kh8 23. f5 b5 24. Bxb5 Rab8 25. Nf4 Qh4 26. Rxh3 Qg5 27. Rg3 Qh4 28. Qc3 Rg8 29. Bc4 Qxf4 30. Bxf7 Qf1+ 31. Rg1 Qf3+ 32. Rg2 d5 33. Bxd5 Rxb2 34. Qxb2 Qf1+ 35. Rg1 Qf3+ 36. Rg2 Qf1+ 37. Rg1 Qf3+ 38. Rg2 1/2-1/2


[Site "https://www.chess.com"]

[Event "Titled Tuesday Blitz June 27 Late 2023"]
[White "Liu, Casper"]
[Black "Muhammed, Shuaau"]
[WhiteFideId "1454153"]
[BlackFideId "16700406"]
[WhiteElo "2533"]
[BlackElo "2363"]
[Result "1-0"]
[Round "7"]
[TimeControl "180+2"]
[Date "2023.06.27"]
[WhiteClock "0:00:05"]
[BlackClock "0:00:17"]
[Board "87"]

1. e4 e6 2. f4 d5 3. d3 dxe4 4. dxe4 Qxd1+ 5. Kxd1 Bc5 6. Nd2 Bb6 7. Nc4 Nc6 8. Nxb6 axb6 9. Be3 Nge7 10. c3 Bd7 11. Kc2 O-O-O 12. Nf3 f6 13. a4 Ng6 14. g3 e5 15. f5 Nge7 16. b4 Kb8 17. Bc4 g6 18. g4 h5 19. h3 g5 20. Bf7 Be8 21. Be6 Bd7 22. Bf7 Be8 23. Be6 Bd7 24. Bc4 Rh7 25. Rad1 Kc8 26. Kb3 Rdh8 27. Rhg1 hxg4 28. hxg4 Rh3 29. Be2 Be8 30. Bf2 Bf7+ 31. Ka3 Rd8 32. Be3 Rd6 33. Rxd6 cxd6 34. Bxb6 d5 35. Kb2 dxe4 36. Nd2 Rh2 37. Re1 Nd5 38. Bg1 Rg2 39. Kc2 e3 40. Ne4 Nf4 41. Bxe3 Nxe2 42. Nd6+ Kd7 43. Nxf7 Nf4+ 44. Kb3 Ke7 45. Nh8 Rh2 46. Bxf4 Rxh8 47. Be3 Rh4 48. Rg1 e4 49. a5 Ne5 50. b5 Kd7 51. a6 bxa6 52. bxa6 Kc6 53. Rb1 Nxg4 54. Bd4 Rh8 55. Ka4 Kd5 56. a7 e3 57. Rb8 e2 58. Rxh8 e1=Q 59. a8=Q+ Kc4 60. Qa6+ Kd5 61. Rd8+ Ke4 62. Re8+ Ne5 63. Qxf6 Qa1+ 64. Kb4 Qb2+ 65. Kc5 Qa3+ 66. Kb6 Qb3+ 67. Kc7 Qc4+ 68. Kd8 Qd5+ 69. Kc7 Qa5+ 70. Kd6 Qa6+ 71. Ke7 Qb7+ 72. Kf8 Kf3 73. Qxe5 g4 74. Qe3+ Kg2 75. Qe2+ Kg3 76. Re3+ Kh4 77. Bf6+ Kh5 78. Qh2# 1-0


[Site "https://www.chess.com"]

[Event "Titled Tuesday Blitz June 27 Late 2023"]
[White "Skaric, Djuro"]
[Black "Kuzmin, Roman"]
[WhiteFideId "934569"]
[BlackFideId "44134932"]
[WhiteElo "2348"]
[BlackElo "2533"]
[Result "0-1"]
[Round "7"]
[TimeControl "180+2"]
[Date "2023.06.27"]
[WhiteClock "0:01:09"]
[BlackClock "0:00:18"]
[Board "88"]

1. g3 d5 2. Bg2 Nf6 3. d3 c5 4. Nf3 Nc6 5. O-O e6 6. Nc3 Bd6 7. e4 O-O 8. h3 b6 9. Ne1 dxe4 10. dxe4 Ba6 11. Nd3 c4 12. Nf4 Qe7 13. e5 Nxe5 14. Bxa8 Rxa8 15. Nh5 Bb7 16. f4 Bc5+ 17. Kh2 Rd8 18. Nxf6+ Qxf6 19. Qe2 Nc6 20. Be3 Bb4 21. Rad1 Re8 22. Ne4 Qg6 23. Nd6 Bxd6 24. Rxd6 h5 25. Qf2 Ne7 26. Rd7 Qe4 27. g4 hxg4 28. hxg4 f6 29. Re1 Kf7 30. c3 Rh8+ 31. Kg3 Qh7 32. Qg1 Qh3+ 33. Kf2 Qf3# 0-1


[Site "https://www.chess.com"]

[Event "Titled Tuesday Blitz June 27 Late 2023"]
[White "Shapiro, Daniel"]
[Black "Ismagilov, Damir"]
[WhiteFideId "2001780"]
[BlackFideId "34199982"]
[WhiteElo "2347"]
[BlackElo "2531"]
[Result "0-1"]
[Round "7"]
[TimeControl "180+2"]
[Date "2023.06.27"]
[WhiteClock "0:00:00"]
[BlackClock "0:00:17"]
[Board "89"]

1. d4 f5 2. c4 Nf6 3. Nf3 d6 4. b3 g6 5. Nc3 Bg7 6. g3 O-O 7. Bg2 c6 8. Bb2 Nbd7 9. d5 e5 10. dxe6 Nc5 11. O-O Bxe6 12. Ng5 Qe7 13. Nxe6 Qxe6 14. Qc2 Rfe8 15. Rfe1 Rad8 16. Rad1 Nce4 17. Nxe4 Nxe4 18. Bxg7 Kxg7 19. Rd3 Nf6 20. e3 h5 21. h4 Re7 22. Red1 Ng4 23. Qc3+ Kh7 24. Qd2 Red7 25. Re1 Ne5 26. Rd4 Rf8 27. f4 Ng4 28. e4 Re8 29. Rd1 fxe4 30. Rxe4 Qf7 31. Qd3 Rxe4 32. Bxe4 Kh6 33. Bf3 Qf5 34. Qxf5 gxf5 35. Bxg4 hxg4 36. Re1 Kg7 37. Re6 d5 38. cxd5 cxd5 39. Kf2 Rc7 40. Ke3 Rc3+ 41. Kd4 Rxg3 42. Ke5 Re3+ 43. Kxf5 Rxe6 44. Kxe6 d4 45. Ke7 d3 46. f5 d2 47. f6+ Kg6 48. f7 d1=Q 49. f8=Q Qe2+ 50. Kd7 Qb5+ 51. Kc7 Qb6+ 52. Kc8 Qc6+ 53. Kd8 Qd5+ 54. Kc8 Qc6+ 55. Kd8 Qf6+ 56. Qxf6+ Kxf6 57. Kc7 g3 0-1


[Site "https://www.chess.com"]

[Event "Titled Tuesday Blitz June 27 Late 2023"]
[White "StarkyNZ"]
[Black "Yanev, Tihomir"]
[BlackFideId "2910110"]
[WhiteElo "2280"]
[BlackElo "2530"]
[Result "1/2-1/2"]
[Round "7"]
[TimeControl "180+2"]
[Date "2023.06.27"]
[WhiteClock "0:00:41"]
[BlackClock "0:00:09"]
[Board "90"]

1. c4 g6 2. Nc3 Bg7 3. g3 Nf6 4. Bg2 O-O 5. e3 c6 6. Nge2 d5 7. cxd5 cxd5 8. Nf4 e6 9. d4 Nc6 10. O-O Bd7 11. b3 Qa5 12. Bd2 Qa6 13. Re1 Rfc8 14. Bf1 Qb6 15. Na4 Qd8 16. Rc1 Be8 17. Nc5 Rc7 18. Ncxe6 fxe6 19. Nxe6 Qe7 20. Nxc7 Qxc7 21. b4 Qd8 22. b5 Ne7 23. Bb4 Nf5 24. Bg2 Bxb5 25. Qb3 Bc4 26. Rxc4 dxc4 27. Qxc4+ Kh8 28. Bxb7 Rb8 29. Bg2 Nd6 30. Bxd6 Qxd6 31. e4 Nd7 32. e5 Qb4 33. Qxb4 Rxb4 34. e6 Nf6 35. d5 Rd4 36. e7 Ne8 37. Rb1 Kg8 38. Bh3 Kf7 39. Be6+ Kxe7 40. Rb7+ Kd6 41. Rxa7 Nc7 42. Kg2 Rd2 43. Bg8 h5 44. Bf7 Bd4 45. Ra4 Rxf2+ 46. Kh3 Rxf7 47. Rxd4 Nxd5 48. a4 Ke5 49. Rc4 Ra7 50. Kh4 Kf6 51. Rc6+ Kg7 52. Rc5 Ne7 53. a5 Ng8 54. g4 hxg4 55. Kxg4 Ne7 56. h4 Nf5 57. h5 Ne7 58. hxg6 Kxg6 59. Rb5 Kf7 60. Rc5 Ke6 61. Rh5 Kd7 62. Kf4 Nc6 63. Rh7+ Kd6 64. Rxa7 Nxa7 65. a6 Kc6 66. Ke3 Kb6 67. Kd2 Kxa6 1/2-1/2


[Site "https://www.chess.com"]

[Event "Titled Tuesday Blitz June 27 Late 2023"]
[White "Estrada Nieto, Julian"]
[Black "Kornyukov, Alexey"]
[WhiteFideId "5101018"]
[BlackFideId "4150457"]
[WhiteElo "2528"]
[BlackElo "2249"]
[Result "1-0"]
[Round "7"]
[TimeControl "180+2"]
[Date "2023.06.27"]
[WhiteClock "0:00:21"]
[BlackClock "0:00:00"]
[Board "91"]

1. e4 c5 2. Nf3 Nc6 3. Bb5 e6 4. O-O Nge7 5. Re1 a6 6. Bxc6 Nxc6 7. d4 cxd4 8. Nxd4 Qc7 9. Nc3 Bd6 10. Nxc6 bxc6 11. f4 Bxf4 12. Bxf4 Qxf4 13. e5 O-O 14. Qd6 c5 15. Ne4 Bb7 16. Nxc5 Bd5 17. Rad1 Rac8 18. b3 Rc6 19. Qe7 Rfc8 20. Nd3 Qd4+ 21. Nf2 Qc3 22. Re2 h6 23. Qh4 d6 24. exd6 Rxd6 25. Qg3 Qxg3 26. hxg3 Rc3 27. Ne4 Bxe4 28. Rxd6 Bxc2 29. Rxa6 Bd3 30. Ra8+ Kh7 31. Re3 Rc1+ 32. Kh2 Bf5 33. Rf3 f6 34. Ra7 Rc2 35. Rxf5 exf5 36. a4 Rb2 37. Rb7 Kg6 38. a5 1-0


[Site "https://www.chess.com"]

[Event "Titled Tuesday Blitz June 27 Late 2023"]
[White "Fajdetic, Hrvoje"]
[Black "Veiga, Jose Francisco R P Neves"]
[WhiteFideId "14501945"]
[BlackFideId "1930087"]
[WhiteElo "2340"]
[BlackElo "2657"]
[Result "0-1"]
[Round "7"]
[TimeControl "180+2"]
[Date "2023.06.27"]
[WhiteClock "0:00:02"]
[BlackClock "0:00:28"]
[Board "92"]

1. b3 e5 2. Bb2 d6 3. e3 f5 4. d4 Nc6 5. dxe5 dxe5 6. Qxd8+ Kxd8 7. Nd2 Bd6 8. O-O-O Nf6 9. Nc4 Ke7 10. Nf3 e4 11. Nxd6 cxd6 12. Nd4 Bd7 13. Ba3 Rhd8 14. Be2 Ne5 15. f4 exf3 16. gxf3 Rac8 17. Rd2 Nd5 18. e4 fxe4 19. fxe4 Nc3 20. Rg1 g6 21. Kb2 Nxe4 22. Rdd1 Nc3 23. Rde1 Bf5 24. Bd3 Bxd3 25. Rxe5+ Kf7 26. Re3 Bf5 27. Rxc3 Rxc3 28. Kxc3 d5 29. Nxf5 gxf5 30. Rd1 Rc8+ 31. Kb2 Ke6 32. c3 f4 33. Re1+ Kf5 34. Bd6 Rc6 35. Re5+ Kg4 36. Rxd5 f3 37. Rd1 h5 38. Bg3 h4 39. Bf2 Kh3 40. Rd4 Kxh2 41. Bxh4 Kg2 42. Rg4+ Kh3 43. Rf4 Kg2 44. c4 Rh6 45. Be1 Rh1 46. Bc3 f2 47. Rxf2+ Kxf2 48. Bd4+ Ke2 49. Bxa7 Kd3 50. Ka3 Rh6 51. Bc5 Ra6+ 52. Kb2 b6 53. Bb4 Ra8 54. c5 b5 55. a3 Kd4 56. a4 bxa4 57. bxa4 Rxa4 58. Kb3 Ra8 59. Ba3 Rb8+ 60. Bb4 Rb5 61. Ka3 Kc4 62. c6 Rb6 63. c7 Rc6 64. Ba5 Kb5 65. Bd2 Rxc7 66. Kb3 Rh7 67. Kc2 Kc4 68. Bg5 Rh2+ 69. Kd1 Rg2 70. Bf4 Rf2 71. Bg5 Rf5 72. Be3 Re5 73. Bh6 Kd3 74. Kc1 Re2 75. Bg5 Rg2 76. Bh6 Rc2+ 77. Kd1 Rh2 78. Bg5 Rh1# 0-1


[Site "https://www.chess.com"]

[Event "Titled Tuesday Blitz June 27 Late 2023"]
[White "Martinez Ramirez, Lennis"]
[Black "Bueno, Alfeu Junior Varela"]
[WhiteFideId "3509079"]
[BlackFideId "2108879"]
[WhiteElo "2611"]
[BlackElo "2394"]
[Result "1-0"]
[Round "7"]
[TimeControl "180+2"]
[Date "2023.06.27"]
[WhiteClock "0:00:21"]
[BlackClock "0:00:03"]
[Board "93"]

1. e4 e6 2. d4 d5 3. Nc3 Nf6 4. Bg5 Be7 5. e5 Nfd7 6. h4 O-O 7. Bd3 c5 8. Qh5 g6 9. Qh6 Re8 10. Bxe7 Qxe7 11. Nf3 Nc6 12. Ng5 Nf8 13. h5 cxd4 14. Nxh7 Nxh7 15. hxg6 fxg6 16. Qxg6+ Qg7 17. Qxe8+ Nf8 18. Rh7 Qxe5+ 19. Kf1 Qf6 20. Nb5 Rb8 21. Nd6 Bd7 22. Qh5 Nxh7 23. Qxh7+ Kf8 24. Qxd7 Rd8 25. Qc7 a6 26. Re1 Qe7 27. Qxe7+ Kxe7 28. Nxb7 Rb8 29. Nc5 Rxb2 30. Nxe6 Kd6 31. Nf4 Rxa2 32. g4 Ne5 33. g5 Nf3 34. Re6+ Kd7 35. g6 Ra1+ 36. Kg2 Nh4+ 37. Kh2 Nxg6 38. Rxg6 a5 39. Nxd5 a4 40. Bf5+ Ke8 41. Be6 Kd8 42. Rg8# 1-0


[Site "https://www.chess.com"]

[Event "Titled Tuesday Blitz June 27 Late 2023"]
[White "Davidson, Kevin"]
[Black "Bruedigam, Martin"]
[WhiteFideId "2056810"]
[BlackFideId "24608033"]
[WhiteElo "2373"]
[BlackElo "2526"]
[Result "1-0"]
[Round "7"]
[TimeControl "180+2"]
[Date "2023.06.27"]
[WhiteClock "0:00:36"]
[BlackClock "0:01:38"]
[Board "94"]

1. e4 e6 2. d4 d5 3. Nc3 dxe4 4. Nxe4 Be7 5. Nf3 Nf6 6. Nxf6+ Bxf6 7. Be3 Nd7 8. Bd3 b6 9. Qe2 Bb7 10. O-O-O Qe7 11. Rhe1 O-O 12. g4 Bxf3 13. Qxf3 g6 14. h4 Bxh4 15. Qh3 Bg5 16. f4 Bf6 17. Rh1 h5 18. gxh5 g5 19. Rdg1 Qd6 20. c3 Kh8 21. fxg5 Be5 22. g6 f5 23. dxe5 1-0


[Site "https://www.chess.com"]

[Event "Titled Tuesday Blitz June 27 Late 2023"]
[White "Peycheva, Gergana"]
[Black "Castella Garcia, Fausto"]
[WhiteFideId "2916711"]
[BlackFideId "3501922"]
[WhiteElo "2519"]
[BlackElo "2366"]
[Result "0-1"]
[Round "7"]
[TimeControl "180+2"]
[Date "2023.06.27"]
[WhiteClock "0:00:03"]
[BlackClock "0:00:23"]
[Board "95"]

1. d4 Nf6 2. c4 e5 3. dxe5 Ng4 4. Nh3 Nxe5 5. e3 d5 6. cxd5 Bxh3 7. gxh3 Bb4+ 8. Nc3 O-O 9. Bg2 f5 10. O-O Nbd7 11. Nb5 Bc5 12. Nd4 Bxd4 13. Qxd4 Rf6 14. Kh1 Rg6 15. b3 Qg5 16. Rg1 Nf3 17. Qf4 Qxf4 18. exf4 Nxg1 19. Kxg1 Nf6 20. Kf1 Rd8 21. Be3 Nxd5 22. Bxa7 b6 23. a4 Nxf4 24. Bf3 Rd3 25. Bb7 Rxb3 26. Bb8 Rc3 27. a5 bxa5 28. Ba7 Rd6 29. Be3 Nd5 30. Bd4 Rb3 31. Ba8 Nb6 32. Bxb6 cxb6 33. Rc1 h6 34. Rc7 a4 35. Ra7 a3 36. Kg2 Rd2 37. Kf1 a2 38. Ke1 Rbb2 0-1


[Site "https://www.chess.com"]

[Event "Titled Tuesday Blitz June 27 Late 2023"]
[White "Schuster, Karsten"]
[Black "Womacka, Mathias"]
[WhiteFideId "4611071"]
[BlackFideId "4611390"]
[WhiteElo "2362"]
[BlackElo "2498"]
[Result "0-1"]
[Round "7"]
[TimeControl "180+2"]
[Date "2023.06.27"]
[WhiteClock "0:00:13"]
[BlackClock "0:00:13"]
[Board "96"]

1. d4 Nf6 2. c3 e6 3. Nf3 c5 4. Bf4 d5 5. e3 Bd6 6. Bg3 O-O 7. Be2 Qc7 8. Nbd2 Nbd7 9. O-O b6 10. Rc1 e5 11. dxe5 Nxe5 12. Nxe5 Bxe5 13. Nf3 Bxg3 14. hxg3 Bb7 15. Qb3 Rad8 16. Rfd1 Ne4 17. Nd2 Nf6 18. Bf3 Qe7 19. Nf1 Ne4 20. Qc2 Rfe8 21. Bxe4 dxe4 22. Rxd8 Rxd8 23. Rd1 h5 24. Rxd8+ Qxd8 25. Qd2 Qxd2 26. Nxd2 Kf8 27. Kf1 Ke7 28. Ke2 Ke6 29. c4 Ke5 30. b3 Bc8 31. Nb1 Be6 32. Nc3 g5 33. Nb5 a5 34. Nc3 Bd7 35. Na4 Bxa4 36. bxa4 f5 37. Kd2 h4 38. gxh4 gxh4 39. Ke2 f4 40. Kf1 Kf5 41. exf4 Kxf4 42. Kg1 e3 43. fxe3+ Kxe3 44. Kh2 Kf2 45. Kh3 Kg1 46. g4 hxg3 47. Kxg3 Kf1 48. Kf3 Ke1 49. Ke4 Kd2 50. Kd5 Kc3 51. Kc6 Kxc4 52. Kxb6 Kb4 0-1


[Site "https://www.chess.com"]

[Event "Titled Tuesday Blitz June 27 Late 2023"]
[White "Yeritsyan, Hayk"]
[Black "Yolosz"]
[WhiteFideId "13307320"]
[WhiteElo "2492"]
[BlackElo "2391"]
[Result "0-1"]
[Round "7"]
[TimeControl "180+2"]
[Date "2023.06.27"]
[WhiteClock "0:01:03"]
[BlackClock "0:02:15"]
[Board "97"]

1. d4 d5 2. Nf3 Nf6 3. e3 c6 4. Bd3 Bg4 5. Nbd2 e6 6. c3 Be7 7. e4 dxe4 8. Nxe4 Nbd7 9. Bf4 Nxe4 10. Bxe4 Nf6 11. Bd3 Bd6 12. Bxd6 Qxd6 13. Be2 O-O 14. O-O Rfd8 15. Re1 c5 16. dxc5 Qxc5 17. Qb3 b6 18. Rad1 Qh5 19. h3 Bf5 20. Nd4 Qg6 21. Bf3 Rac8 22. Nc6 Re8 23. Nxa7 Bc2 24. Qb4 Bxd1 25. Nxc8 Bxf3 0-1


[Site "https://www.chess.com"]

[Event "Titled Tuesday Blitz June 27 Late 2023"]
[White "Toniutti, Ezio"]
[Black "GAO"]
[WhiteFideId "113034"]
[WhiteElo "2481"]
[BlackElo "2349"]
[Result "0-1"]
[Round "7"]
[TimeControl "180+2"]
[Date "2023.06.27"]
[WhiteClock "0:00:01"]
[BlackClock "0:00:14"]
[Board "98"]

1. d4 Nf6 2. c4 e6 3. g3 d5 4. Nf3 Bb4+ 5. Bd2 Be7 6. Bg2 dxc4 7. Qc2 b5 8. a4 b4 9. Ne5 Nd5 10. Nxc4 O-O 11. O-O c5 12. dxc5 Bxc5 13. e4 Nb6 14. Nxb6 Qxb6 15. a5 Qb5 16. Rc1 Nd7 17. Bf4 Bb7 18. Nd2 Rac8 19. Qc4 Bxf2+ 20. Kxf2 Rxc4 21. Nxc4 Nc5 22. Nd6 Nd3+ 23. Ke3 Qa6 24. Bf1 e5 25. Nxb7 exf4+ 26. gxf4 Qxb7 27. Bxd3 Re8 28. Rc4 Qe7 29. Rf1 Qh4 30. Rf2 Qh3+ 31. Ke2 Rd8 32. Rf3 Qxh2+ 33. Rf2 Qg3 34. Rf3 Qg2+ 35. Rf2 Qg4+ 36. Ke3 Qg3+ 37. Rf3 Qe1+ 38. Be2 h5 39. Rf2 h4 40. e5 Qd2+ 41. Kf3 Rd3+ 42. Kg2 Re3 43. Rc8+ Kh7 44. Bg4 Rg3+ 45. Kf1 Qd3+ 46. Be2 Qb1+ 0-1


[Site "https://www.chess.com"]

[Event "Titled Tuesday Blitz June 27 Late 2023"]
[White "Baches Garcia, Guillermo"]
[Black "Perez Torres, Nabi Isaias"]
[WhiteFideId "2209764"]
[BlackFideId "5120373"]
[WhiteElo "2464"]
[BlackElo "2344"]
[Result "1-0"]
[Round "7"]
[TimeControl "180+2"]
[Date "2023.06.27"]
[WhiteClock "0:00:55"]
[BlackClock "0:00:16"]
[Board "99"]

1. e4 c5 2. Nf3 d6 3. d4 cxd4 4. Nxd4 Nf6 5. Nc3 g6 6. Be3 Bg7 7. f3 Nc6 8. Qd2 O-O 9. O-O-O d5 10. Nxc6 bxc6 11. Bh6 e5 12. Bxg7 Kxg7 13. exd5 cxd5 14. Nxd5 Rb8 15. Nxf6 Qxf6 16. Kb1 Be6 17. b3 Rfc8 18. Bd3 Rc5 19. Rhe1 a5 20. Re4 Bf5 21. Rc4 Rd5 22. Qe3 Rbd8 23. a4 Qd6 24. Rc3 Qb4 25. Kb2 Rb8 26. g4 Bxd3 27. Rcxd3 Rc5 28. R1d2 Qxa4 29. Qxc5 1-0


[Site "https://www.chess.com"]

[Event "Titled Tuesday Blitz June 27 Late 2023"]
[White "whiteglovethief"]
[Black "MAHanif"]
[WhiteElo "2453"]
[BlackElo "2331"]
[Result "1-0"]
[Round "7"]
[TimeControl "180+2"]
[Date "2023.06.27"]
[WhiteClock "0:00:10"]
[BlackClock "0:00:04"]
[Board "100"]

1. d4 Nf6 2. c4 g6 3. Nc3 Bg7 4. e4 d6 5. Nf3 b6 6. Be2 Bb7 7. Qc2 c5 8. e5 Nfd7 9. exd6 cxd4 10. Nb5 Na6 11. Bg5 f6 12. dxe7 Qxe7 13. Bf4 Ne5 14. O-O Bxf3 15. Bxf3 Nxf3+ 16. gxf3 O-O 17. Bd6 Qb7 18. Bxf8 Qxf3 19. Bd6 h5 20. Rfe1 Qg4+ 21. Bg3 h4 22. f3 Qh3 23. Qxg6 hxg3 24. hxg3 d3 25. Re7 Qh6 26. Qxh6 Bxh6 27. f4 Bf8 28. Rd7 Nc5 29. Rd5 Re8 30. b4 Na6 31. a3 Re3 32. Rd1 Rxg3+ 33. Kf2 Rg4 34. Kf3 Rh4 35. R5xd3 Nb8 36. Rd8 Nc6 37. Rc8 Ne7 38. Ra8 Ng6 39. Rg1 Rxf4+ 40. Ke3 Kf7 41. Rxg6 Rxc4 42. Rxf8+ Kxg6 43. Nxa7 Rc3+ 44. Kd4 Rxa3 45. Nc8 b5 46. Kc5 Kg7 47. Rd8 Rd3 48. Rxd3 1-0


[Site "https://www.chess.com"]

[Event "Titled Tuesday Blitz June 27 Late 2023"]
[White "Taranenko, Evgueniy"]
[Black "Remolar Gallen, Jose"]
[WhiteFideId "14122138"]
[BlackFideId "2215187"]
[WhiteElo "2305"]
[BlackElo "2452"]
[Result "1-0"]
[Round "7"]
[TimeControl "180+2"]
[Date "2023.06.27"]
[WhiteClock "0:01:29"]
[BlackClock "0:00:28"]
[Board "101"]

1. e4 c5 2. Nf3 d6 3. d4 cxd4 4. Nxd4 Nf6 5. f3 e5 6. Bb5+ Nbd7 7. Nf5 Qb6 8. Nc3 g6 9. Ne3 Bg7 10. Ned5 Nxd5 11. Nxd5 Qd8 12. h4 h5 13. Bg5 f6 14. Be3 O-O 15. Qd2 Nb6 16. g4 hxg4 17. h5 gxh5 18. Rxh5 Be6 19. O-O-O Nxd5 20. exd5 Bf7 21. Rh2 f5 22. Bh6 f4 23. Rdh1 g3 24. Bxg7 Kxg7 25. Rh7+ Kf6 26. R1h6+ Ke7 27. Re6# 1-0


[Site "https://www.chess.com"]

[Event "Titled Tuesday Blitz June 27 Late 2023"]
[White "Kisic, Bozidar"]
[Black "Cardozo Munar, Carlos Eduardo"]
[WhiteFideId "16500350"]
[BlackFideId "4409477"]
[WhiteElo "2444"]
[BlackElo "2329"]
[Result "1-0"]
[Round "7"]
[TimeControl "180+2"]
[Date "2023.06.27"]
[WhiteClock "0:01:05"]
[BlackClock "0:01:20"]
[Board "102"]

1. d4 d5 2. Bg5 Bf5 3. e3 Nd7 4. Bd3 Bg6 5. f4 h6 6. Bh4 Bxd3 7. Qxd3 Ngf6 8. Nd2 e6 9. Ngf3 Be7 10. Ne5 Nxe5 11. fxe5 Nd7 12. Bg3 c6 13. O-O Qb6 14. b3 f6 15. Qg6+ Kf8 16. exf6 Bxf6 17. Bh4 Ke7 18. c4 Rhg8 19. Bxf6+ gxf6 20. Qh7+ Kd6 21. c5+ Nxc5 22. dxc5+ Qxc5 23. Nc4+ dxc4 24. Rad1+ Ke5 25. Rd4 f5 26. Qxh6 Rg4 27. Rxg4 Qxe3+ 28. Qxe3+ 1-0


[Site "https://www.chess.com"]

[Event "Titled Tuesday Blitz June 27 Late 2023"]
[White "Bazzano, Sebastian"]
[Black "Pinto, Daniel"]
[WhiteFideId "104566"]
[BlackFideId "3303144"]
[WhiteElo "2234"]
[BlackElo "2417"]
[Result "0-1"]
[Round "7"]
[TimeControl "180+2"]
[Date "2023.06.27"]
[WhiteClock "0:00:00"]
[BlackClock "0:00:10"]
[Board "103"]

1. d4 Nf6 2. Bf4 c5 3. dxc5 Na6 4. Qd4 Qa5+ 5. c3 Qxc5 6. Qxc5 Nxc5 7. Nd2 d6 8. Ngf3 e5 9. Bg3 Bd7 10. e3 Be7 11. O-O-O Rc8 12. Nb3 Ba4 13. Kc2 Nfe4 14. Nd2 h5 15. Nxe4 Nxe4 16. f3 h4 17. Be1 Nf6 18. e4 Nh5 19. Bf2 a6 20. g3 Bd7 21. Na5 b5 22. Nb7 Rc6 23. Na5 Rc8 24. Nb7 Rc6 25. Na5 Rc7 26. Bb6 Rc8 27. Bf2 f5 28. Nb7 Rh6 29. exf5 Bc6 0-1


[Site "https://www.chess.com"]

[Event "Titled Tuesday Blitz June 27 Late 2023"]
[White "Arnold, Ken"]
[Black "Petersson, Kjell"]
[WhiteFideId "2056836"]
[BlackFideId "1705148"]
[WhiteElo "2399"]
[BlackElo "2168"]
[Result "1-0"]
[Round "7"]
[TimeControl "180+2"]
[Date "2023.06.27"]
[WhiteClock "0:00:04"]
[BlackClock "0:00:05"]
[Board "104"]

1. d4 f5 2. c4 Nf6 3. Nc3 e6 4. Bg5 Bb4 5. Qb3 a5 6. e3 O-O 7. Nf3 h6 8. Bxf6 Qxf6 9. a3 a4 10. Qc2 Bxc3+ 11. Qxc3 Nc6 12. Be2 Na5 13. Nd2 b6 14. Bf3 Rb8 15. Qc2 f4 16. O-O Bb7 17. Bxb7 Nxb7 18. Qxa4 fxe3 19. fxe3 Qg5 20. Qb3 Nd6 21. Rxf8+ Rxf8 22. Rf1 Rxf1+ 23. Nxf1 Nf5 24. Qd3 c6 25. Qe4 Qh5 26. g4 Qg5 27. h3 Nd6 28. Qd3 Qh4 29. Kg2 Qe1 30. c5 Nc8 31. b4 b5 32. Ng3 Qc1 33. e4 Qb2+ 34. Kf3 Ne7 35. Ne2 Ng6 36. Kg3 Qa1 37. e5 Qe1+ 38. Kf3 Nh4+ 39. Ke4 Qh1+ 40. Ke3 Qxh3+ 41. Kd2 Qxg4 42. a4 Nf3+ 43. Kc3 bxa4 44. b5 cxb5 45. Qxb5 Ne1 46. Kd2 Nf3+ 47. Kc3 Ng5 48. Kb4 Ne4 49. Ka5 Qf3 50. Kb6 a3 51. Qxd7 Qxe2 52. Qxe6+ Kh7 53. Qf5+ Kg8 54. Qe6+ Kf8 55. Qd6+ Ke8 56. Qe6+ Kd8 57. Qg8+ Ke7 58. Qxg7+ Ke6 59. Qxh6+ Kd5 60. Qc6+ Kc4 61. Qb5+ Kxd4 62. Qxe2 Kxe5 63. Qa2 Nc3 64. Qxa3 Nd5+ 65. Kc6 Ne7+ 66. Kd7 Nd5 67. Qa5 Kd4 68. c6 Nf6+ 69. Ke7 Nd5+ 70. Qxd5+ Kxd5 71. c7 1-0


[Site "https://www.chess.com"]

[Event "Titled Tuesday Blitz June 27 Late 2023"]
[White "Wendt, Jan-Dietrich"]
[Black "Weishaeutel, Moritz"]
[WhiteFideId "4623797"]
[BlackFideId "12967300"]
[WhiteElo "2358"]
[BlackElo "2617"]
[Result "0-1"]
[Round "7"]
[TimeControl "180+2"]
[Date "2023.06.27"]
[WhiteClock "0:00:13"]
[BlackClock "0:01:16"]
[Board "105"]

1. c4 Nf6 2. Nc3 e6 3. Nf3 d5 4. e3 c5 5. d4 Nc6 6. cxd5 exd5 7. Be2 cxd4 8. Nxd4 Bd6 9. O-O O-O 10. b3 Re8 11. Nxc6 bxc6 12. Bb2 Bc7 13. Rc1 Qd6 14. g3 Bh3 15. Re1 Rad8 16. Na4 Ne4 17. Bd4 Qg6 18. Bd3 Bf5 19. Nc5 Bxg3 20. hxg3 Nxg3 21. fxg3 Qxg3+ 22. Kh1 Bg4 23. Rg1 Qh3# 0-1


[Site "https://www.chess.com"]

[Event "Titled Tuesday Blitz June 27 Late 2023"]
[White "Glavina, Pablo"]
[Black "reevecanada"]
[WhiteFideId "100234"]
[WhiteElo "2352"]
[BlackElo "2611"]
[Result "0-1"]
[Round "7"]
[TimeControl "180+2"]
[Date "2023.06.27"]
[WhiteClock "0:01:21"]
[BlackClock "0:02:03"]
[Board "106"]

1. c4 e5 2. Nc3 Nf6 3. Nf3 Nc6 4. e4 Bc5 5. Nxe5 Bxf2+ 6. Kxf2 Nxe5 7. d4 Neg4+ 8. Kg1 d6 9. h3 Nh6 10. Bg5 Nhg8 11. e5 dxe5 12. dxe5 Qe7 13. exf6 Qc5+ 14. Kh2 Qxg5 15. Qe2+ Be6 16. Nd5 O-O-O 17. Qf2 Nxf6 18. Ne7+ Kb8 19. Be2 Qe5+ 20. g3 Rd2 21. Rhe1 Bxc4 0-1


[Site "https://www.chess.com"]

[Event "Titled Tuesday Blitz June 27 Late 2023"]
[White "Adewumi, Tanitoluwa"]
[Black "micke12a"]
[WhiteFideId "30966396"]
[WhiteElo "2600"]
[BlackElo "2348"]
[Result "1-0"]
[Round "7"]
[TimeControl "180+2"]
[Date "2023.06.27"]
[WhiteClock "0:01:14"]
[BlackClock "0:00:07"]
[Board "107"]

1. e4 c5 2. Nf3 Nc6 3. Bb5 g6 4. Bxc6 dxc6 5. d3 Bg7 6. h3 Qc7 7. O-O e5 8. Be3 b6 9. Nbd2 Nf6 10. a3 O-O 11. b4 cxb4 12. axb4 Rd8 13. Qe2 h6 14. Nc4 Nd7 15. Ra3 Bb7 16. Rfa1 a6 17. Nh4 c5 18. bxc5 Nxc5 19. Nxb6 Qxb6 20. Rb3 Qc7 21. Bxc5 Qxc5 22. Rxb7 a5 23. Qf3 Rf8 24. Qg4 Qc6 25. Rab1 a4 26. R1b6 Qxc2 27. Nxg6 a3 28. Nxf8 a2 29. Ne6 a1=Q+ 30. Kh2 1-0


[Site "https://www.chess.com"]

[Event "Titled Tuesday Blitz June 27 Late 2023"]
[White "Kujawski, Adam"]
[Black "Zeynalli, Rashad"]
[WhiteFideId "1100920"]
[BlackFideId "13403320"]
[WhiteElo "2343"]
[BlackElo "2589"]
[Result "0-1"]
[Round "7"]
[TimeControl "180+2"]
[Date "2023.06.27"]
[WhiteClock "0:00:00"]
[BlackClock "0:00:44"]
[Board "108"]

1. e4 c6 2. d4 d5 3. f3 dxe4 4. fxe4 e5 5. Nf3 Be6 6. c3 Nf6 7. Bd3 Nbd7 8. O-O Bd6 9. Kh1 Qe7 10. Bg5 h6 11. Bh4 g5 12. Bg3 Nh5 13. Bxe5 Bxe5 14. dxe5 O-O-O 15. Qc2 Nf4 16. Be2 Bg4 17. Na3 Nxe2 18. Qxe2 Nxe5 19. Rad1 Qc5 20. Rxd8+ Rxd8 21. Rd1 Rxd1+ 22. Qxd1 Qf2 23. Qd2 Qf1+ 24. Ng1 Nf3 25. Qe3 Ne1 0-1


[Site "https://www.chess.com"]